 Dungeon Crawl Stone Soup version 0.21-a0-536-gdbbf329e9e (webtiles) character file.

62185 Cecky the Brawler (level 14, -3/130 HPs)
             Began as a Troll Fighter on Dec 11, 2017.
             Was the Champion of Wu Jian.
             Slain by a sun demon (19 damage)
             ... summoned by an orc high priest
             ... on level 1 of the Orcish Mines on Dec 14, 2017.
             The game lasted 01:06:05 (19741 turns).

Cecky the Brawler (Troll Fighter)                  Turns: 19741, Time: 01:06:06

Health: -3/130     AC: 12    Str: 30    XL:     14   Next: 63%
Magic:  13/13      EV: 12    Int:  4    God:    Wu Jian [******]
Gold:   1524       SH: 31    Dex: 11    Spells: 13/13 levels left

rFire    . . .     SeeInvis .     - Unarmed
rCold    . . .     Gourm    +   z - +10 large shield of Ignorance {rN+ Int-4}
rNeg     + . .     Faith    .   E - +0 robe
rPois    .         Spirit   .   u - +2 hat
rElec    .         Reflect  .   A - scarf {cloud immunity}
rCorr    .         Harm     .   (gloves unavailable)
MR       ++...                  (boots unavailable)
Stlth    +.........             G - amulet "Iposm" {+Rage Str+3 Int+2}
HPRegen  0.71/turn              e - +5 ring of protection
MPRegen  0.13/turn              i - ring of protection from magic

@: no status effects
A: large, unfitting armour, claws 3, fast metabolism 3, gourmand, regeneration
1, shaggy fur 1, tough skin 2
a: Serpent's Lash, Heavenly Storm, Renounce Religion, Evoke Berserk Rage


You were on level 1 of the Orcish Mines.
You worshipped Wu Jian.
Wu Jian was exalted by your worship.
You were completely stuffed.

You visited 3 branches of the dungeon, and saw 19 of its levels.
You also visited: Sewer and Bailey.

You collected 1524 gold pieces.

Inventory:

Missiles
 M - a throwing net (quivered)
Armour
 u - a +2 hat (worn)
 z - the +10 large shield of Ignorance (worn) {rN+ Int-4}
   (You acquired it on level 7 of the Dungeon)

   It affects your intelligence (-4).
   It protects you from negative energy.
 A - a scarf of cloud immunity (worn)
 E - a +0 robe (worn)
Jewellery
 a - an uncursed ring of protection from cold
 e - a +5 ring of protection (left claw)
 i - a ring of protection from magic (right claw)
 G - the amulet "Iposm" (around neck) {+Rage Str+3 Int+2}
   (You found it on level 3 of the Lair of Beasts)

   [amulet of rage]

   It affects your strength (+3).
   It affects your intelligence (+2).
   It lets you go berserk.
 L - an uncursed ring of see invisible
 P - a +4 amulet of reflection
 U - an uncursed ring of protection from cold
Wands
 l - a wand of iceblast (17)
 I - a wand of enslavement (17)
 Q - a wand of acid (7)
 Y - a wand of flame (12)
Scrolls
 h - 18 scrolls of remove curse
 o - a scroll of fear
 p - a scroll of teleportation
 v - 4 scrolls of amnesia
 y - 6 scrolls of enchant armour
 C - 5 scrolls of immolation {unknown}
 H - a scroll of silence {unknown}
 R - 2 scrolls of fog {unknown}
 T - a scroll of holy word {unknown}
 W - a scroll of torment {unknown}
Potions
 c - a potion of might
 f - 6 potions of flight
 g - a potion of ambrosia {unknown}
 j - 2 potions of heal wounds
 s - 9 potions of curing
 t - 2 potions of agility {unknown}
 w - a potion of invisibility {unknown}
 F - a potion of experience {unknown}
 K - 4 potions of mutation
 N - 2 potions of haste {unknown}
 X - a potion of berserk rage {unknown}
Comestibles
 b - 3 chunks of flesh
 d - 6 bread rations
 k - 6 meat rations
 n - 18 royal jellies
 x - 13 fruits


   Skills:
 * Level 6.2 Fighting
   Level 0.1 Polearms
 + Level 5.4 Dodging
 - Level 15.0 Shields
 - Level 18.0 Unarmed Combat
 * Level 0.7 Evocations


You had 13 spell levels left.
You didn't know any spells.

Dungeon Overview and Level Annotations

Branches:
Dungeon (12/15)            Temple (0/1) D:7            Lair (6/6) D:9
  Swamp (0/4) Lair:4        Snake (0/4) Lair:3        Slime (0/5) Lair:6
    Orc (1/2) D:12

Altars:
Elyvilon
Fedhas
Gozag
Makhleb
Nemelex Xobeh
Okawaru
Wu Jian
Zin
Beogh

Shops:
D:8 %   Orc:1 *

Annotations:
Lair:4 exclusion: door
Lair:6 exclusion: oklob plant


Innate Abilities, Weirdness & Mutations

You are too large for most types of armour.
You have claws for hands.
Your metabolism is lightning-fast.
You like to eat raw meat.
Your natural rate of healing is unusually fast.
You are covered in fur. (AC +1)
You have very tough skin. (AC +2)


Message History

You block the orc warrior's attack.
Items here: )) [[ †† You spin and attack the orc warrior.
You eviscerate the orc warrior!!!
You kill the orc warrior!
The Council accepts your kill.
The orc priest invokes the aid of Beogh against you.
Beogh smites you! You block the sun demon's attack.
The orc priest calls down the wrath of Beogh upon you.
Beogh smites you!
Items here: ( ) [ ÷ a halberd; 6 tomahawks; a chain mail; an orc skeleton
Items here: )) [ ÷ a bardiche; a plate armour; a giant spiked club; an orc skeleton You barely miss the sun demon.
The sun demon is severely wounded.
The sun demon hits you!!
* * * LOW HITPOINT WARNING * * *
You are engulfed in flames!!
You die...

##.........#####.##
#.....[....##....#
#....[[....#....##
##...[.........##
#......♣........#
##...♣.∩.♣.....##
##....♣.......#
##......#...##
####@####### ##3##
#...# ########...#
#####
.......#.o.#......
.......#.oo#......
.......)...'......
.......#..o#.....
.......#.))#.....


You could see an orc high priest, a sun demon, an orc warrior, an orc priest and
an orc.

Vanquished Creatures
  An orc warlord (D:12)
  3 entropy weavers
  Azrael (D:12)
  The ghost of Cheet4h the Fighter, a journeyman DrFi of Okawaru (Bailey)
  The ghost of Roak the Fighter, a journeyman FoFi of Yredelemnul (Lair:3)
  3 hydras
  Harold (Lair:4)
  2 two-headed ogres
  A merfolk avatar (Lair:6)
  2 death yaks
  A queen ant (Lair:5)
  Urug (Lair:5)
  2 fire crabs (Lair:4)
  3 sea snakes (Lair:6)
  A harpy (Lair:6)
  2 orc knights (Orc:1)
  A wolf spider zombie (D:12)
  A cyclops (D:12)
  3 ugly things
  A manticore (Lair:6)
  Maurice (D:12)
  6 black mambas
  Psyche (D:11)
  4 elephants (Lair:6)
  2 molten gargoyles (Lair:5)
  2 torpor snails
  3 rime drakes (Lair:6)
  14 spiny frogs
  10 komodo dragons
  A troll (D:10)
  3 meliai (D:10)
  3 polar bears
  2 hornets
  9 slime creatures
  A wind drake (Lair:6)
  5 dream sheep (Lair:4)
  6 hippogriffs
  A wraith (D:11)
  A spriggan (Lair:4)
  2 shadows
  25 yaks
  3 wyverns
  2 steam dragons (D:11)
  5 hungry ghosts
  2 basilisks
  3 fire elementals (D:12)
  2 wargs (Orc:1)
  Menkaure (D:7)
  A vampire mosquito (Lair:3)
  4 insubstantial wisps (Lair:3)
  9 soldier ants (Lair:5)
  6 swamp worms (Lair:4)
  5 hell hounds (D:12)
  17 water moccasins
  11 porcupines
  A hornet zombie (D:11)
  A black bear (Lair:4)
  25 orc warriors
  An ice beast (D:10)
  2 phantoms (D:12)
  3 sky beasts
  An eye of draining (D:12)
  11 centaurs
  A necrophage (D:8)
  3 wolves (Lair:4)
  11 ogres
  15 crocodiles
  5 big kobolds
  18 bullfrogs
  3 scorpions
  A troll zombie (D:12)
  6 killer bees (D:11)
  4 electric eels
  4 howler monkeys
  5 lava snakes (Lair:5)
  A bullfrog zombie (D:12)
  3 crimson imps (D:6)
  8 hounds
  A quasit (D:9)
  11 orc priests
  8 jellies
  2 centaur skeletons
  A gnoll shaman (D:8)
  An iguana (D:11)
  32 worker ants
  Natasha (thrice) (D:2)
  6 orc wizards
  7 ogre zombies (D:12)
  2 hound skeletons
  2 howler monkey zombies
  Robin (D:2)
  8 gnolls
  10 adders
  4 shadow imps
  10 oozes
  An adder zombie (D:6)
  2 adder skeletons (D:8)
  4 worms
  2 dart slugs
  8 leopard geckos
  44 orcs
  2 ball pythons (D:1)
  6 giant cockroaches
  19 goblins
  3 hobgoblins
  12 jackals
  6 quokkas
  8 bats
  2 frilled lizards
  A goblin skeleton (D:12)
  4 goblin zombies (D:12)
  A hobgoblin skeleton (D:12)
  4 hobgoblin zombies (D:12)
  A jackal zombie (D:5)
  21 kobolds
  3 orc skeletons (D:12)
  12 orc zombies (D:12)
  3 quokka skeletons
  9 rats
  A fungus (Lair:3)
  A plant (Lair:6)
627 creatures vanquished.

Vanquished Creatures (others)
  A vampire mosquito (Lair:3)
  2 centaurs (D:10)
  11 fungi
  11 plants
  16 toadstools (Lair:6)
41 creatures vanquished.

Grand Total: 668 creatures vanquished

Notes
Turn   | Place    | Note
-------+----------+-------------------------------------------
     0 | D:1      | Cecky the Troll Fighter began the quest for the Orb.
     0 | D:1      | Reached XP level 1. HP: 22/22 MP: 0/0
   125 | D:1      | Reached XP level 2. HP: 27/29 MP: 1/1
   681 | D:2      | Reached XP level 3. HP: 36/36 MP: 2/2
   777 | D:2      | Noticed Robin
   812 | D:2      | Killed Robin
   888 | D:2      | Reached XP level 4. HP: 44/44 MP: 3/3
   971 | D:2      | Found an iron altar of Okawaru.
  1060 | D:2      | Reached skill level 3 in Unarmed Combat
  1235 | D:2      | Noticed Natasha
  1248 | D:2      | Killed Natasha
  1248 | D:2      | Reached XP level 5. HP: 34/52 MP: 4/4
  1326 | D:2      | Noticed Natasha
  1332 | D:2      | Killed Natasha
  1414 | D:2      | Noticed Natasha
  1419 | D:2      | Killed Natasha
  1419 | D:2      | Reached skill level 4 in Unarmed Combat
  2089 | D:3      | Found a glowing drain.
  2096 | Sewer    | Entered a sewer
  2221 | Sewer    | Reached XP level 6. HP: 55/59 MP: 5/5
  2227 | Sewer    | Reached skill level 5 in Unarmed Combat
  2439 | Sewer    | Reached XP level 7. HP: 59/67 MP: 6/6
  3289 | D:4      | Found a burning altar of Makhleb.
  3296 | D:4      | Reached skill level 6 in Unarmed Combat
  3570 | D:5      | Entered Level 5 of the Dungeon
  3587 | D:5      | Found an ornate altar of the Wu Jian Council.
  3588 | D:5      | Found an opulent altar of Gozag.
  3603 | D:5      | Became a worshipper of the Wu Jian Council
  3919 | D:5      | Found a glowing silver altar of Zin.
  4055 | D:5      | Reached skill level 7 in Unarmed Combat
  4055 | D:5      | Reached XP level 8. HP: 75/75 MP: 7/7
  4328 | D:6      | Reached * piety under Wu Jian
  4335 | D:6      | Reached skill level 8 in Unarmed Combat
  4854 | D:7      | Identified a scroll of acquirement
  4855 | D:7      | Found the +10 large shield of Ignorance {rN+ Int-4}
  4881 | D:7      | Noticed Menkaure
  4888 | D:7      | Killed Menkaure
  4888 | D:7      | Reached skill level 9 in Unarmed Combat
  5012 | D:7      | Reached XP level 9. HP: 83/83 MP: 8/8
  5018 | D:7      | Reached ** piety under Wu Jian
  5021 | D:7      | Found a flagged portal.
  5026 | Bailey   | Entered a bailey
  5152 | Bailey   | Noticed Cheet4h's ghost (journeyman DrFi)
  5216 | Bailey   | Killed Cheet4h's ghost
  5216 | Bailey   | Reached skill level 10 in Unarmed Combat
  5817 | Bailey   | Reached XP level 10. HP: 65/91 MP: 9/9
  6084 | Bailey   | Reached skill level 11 in Unarmed Combat
  6257 | Bailey   | Got an ivory executioner's axe
  6261 | Bailey   | Identified the +7 executioner's axe of Wu Jian {chop, MR+} (You found it in a bailey)
  6557 | D:7      | Reached *** piety under Wu Jian
  6637 | D:7      | Found a staircase to the Ecumenical Temple.
  7078 | D:8      | Found Fyotot's Food Boutique.
  7084 | D:8      | Noticed a brown ugly thing
  7098 | D:8      | Killed a brown ugly thing
  7648 | D:9      | Found a sparkling altar of Nemelex Xobeh.
  7840 | D:9      | Reached **** piety under Wu Jian
  7913 | D:9      | Found a staircase to the Lair.
  8236 | D:10     | Entered Level 10 of the Dungeon
  8376 | D:10     | Reached skill level 10 in Shields
  8380 | D:10     | Reached skill level 12 in Unarmed Combat
  8621 | Lair:1   | Entered Level 1 of the Lair of Beasts
  8664 | Lair:1   | Reached XP level 11. HP: 90/97 MP: 10/10
  8859 | Lair:1   | Found an opulent altar of Gozag.
  9432 | Lair:2   | Reached skill level 13 in Unarmed Combat
 10085 | Lair:3   | Reached ***** piety under Wu Jian
 10156 | Lair:3   | Found a staircase to the Snake Pit.
 10229 | Lair:3   | Noticed Roak's ghost (journeyman FoFi)
 10262 | Lair:3   | Killed Roak's ghost
 10345 | Lair:3   | Got a flickering sapphire amulet
 10365 | Lair:3   | Identified the amulet "Iposm" {+Rage Str+3 Int+2} (You found it on level 3 of the Lair of Beasts)
 10796 | Lair:4   | Reached skill level 14 in Unarmed Combat
 10796 | Lair:4   | Reached XP level 12. HP: 106/106 MP: 11/11
 10827 | Lair:4   | Noticed Harold
 10843 | Lair:4   | Killed Harold
 10965 | Lair:4   | Found a runed door.
 11099 | Lair:4   | Noticed a six-headed hydra
 11104 | Lair:4   | Killed a nine-headed hydra
 11175 | Lair:4   | Found a white marble altar of Elyvilon.
 11190 | Lair:4   | Noticed an eight-headed hydra
 11208 | Lair:4   | Reached skill level 15 in Unarmed Combat
 11241 | Lair:3   | Killed a 12-headed hydra
 11852 | Lair:4   | Found a staircase to the Swamp.
 12024 | Lair:4   | Noticed an entropy weaver
 12040 | Lair:4   | Killed an entropy weaver
 12045 | Lair:4   | HP: 4/107 [fire crab (15)]
 12190 | Lair:3   | Upgraded the game from 0.21-a0-529-g8c7b3f5d53 to 0.21-a0-531-gacddea6133
 12437 | Lair:5   | Reached XP level 13. HP: 114/114 MP: 12/12
 12686 | Lair:5   | Noticed Urug
 12711 | Lair:5   | Killed Urug
 12873 | Lair:5   | Noticed an entropy weaver
 12886 | Lair:5   | Killed an entropy weaver
 12903 | Lair:5   | Reached skill level 16 in Unarmed Combat
 13109 | Lair:5   | Noticed an entropy weaver
 13490 | Lair:5   | Killed an entropy weaver
 13661 | Lair:6   | Entered Level 6 of the Lair of Beasts
 14807 | Lair:6   | Reached ****** piety under Wu Jian
 14876 | Lair:6   | Found a staircase to the Slime Pits.
 15086 | Lair:6   | Reached skill level 17 in Unarmed Combat
 15098 | Lair:6   | Reached skill level 5 in Fighting
 15225 | Lair:6   | Reached XP level 14. HP: 115/127 MP: 13/13
 15792 | Lair:6   | Found a blossoming altar of Fedhas.
 17647 | D:11     | Noticed Psyche
 17662 | D:11     | Killed Psyche
 17762 | D:12     | Noticed Maurice
 17770 | D:12     | Killed Maurice
 18030 | D:12     | Found a staircase to the Orcish Mines.
 18052 | D:12     | Reached skill level 15 in Shields
 18362 | D:12     | Noticed Azrael
 18814 | D:12     | Killed Azrael
 19070 | D:12     | Upgraded the game from 0.21-a0-531-gacddea6133 to 0.21-a0-536-gdbbf329e9e
 19091 | Orc:1    | Entered Level 1 of the Orcish Mines
 19108 | Orc:1    | Reached skill level 5 in Dodging
 19203 | Orc:1    | Found Majopit's General Store.
 19223 | Orc:1    | Reached skill level 18 in Unarmed Combat
 19375 | Orc:1    | Noticed an orc warlord
 19483 | D:12     | Killed an orc warlord
 19706 | Orc:1    | Found a roughly hewn altar of Beogh.
 19741 | Orc:1    | Slain by a sun demon

Vault maps used:
D:1:      minmay_arrival_checkered_box
D:2:      kennysheep_okawaru_gauntlet, first_bread, serial_co_window_serial,
          co_window_paths_b, co_window_paths_a, co_window_corner_a,
          co_window_corner_a, co_window_corner_a, co_window_broadway_c,
          co_window_broadway_c, co_window_of_opportunity_b, co_window_4corner_a,
          co_window_paths_e, glass_columns_a, glass_columns_b, glass_columns_b,
          uniq_robin, uniq_natasha
D:3:      gup_sewer_entry_bubbles
D:4:      lemuel_upstairs_altar, makhleb_heckhound_becter
D:5:      marbit_many_paths, grunt_temple_overflow_open
D:6:      nicolae_water_bricks, hangedman_abyss_or_decor_stagger
D:7:      minmay_temple_entry_fiery, enter_bailey_3, minmay_crossroads,
          uniq_menkaure
D:8:      serial_shops, shop_statue
D:9:      nemelex_xobeh_ov_fountains_minmay, david_lair_shrubbed
D:10:     hangedman_little_slice_of_home
D:11:     kennysheep_diamond, uniq_psyche
D:12:     zombieorc2_lemuel, uniq_azrael, uniq_maurice
Lair:1:   basic_altar, lemuel_fruit_tree
Lair:2:   lab_entry_generic, wad_woods_road_02
Lair:3:   dummy_snake_entry, pond
Lair:4:   gammafunk_mikee_crab_dinner, nicolae_swamp_entry_splash_gauntlet,
          basic_altar, serial_bayou_pond_a, grunt_forest_stairs_clearing,
          infiniplex_staircase_pool, uniq_harold
Lair:5:   cheibrodos_magma_flow, minmay_another_anthill, uniq_urug
Lair:6:   gammafunk_lair_ancient_temple, minmay_slime_entry_pillars,
          serial_bayou_pond_a, tgw_fedhas, serial_bayou_shore_a
Orc:1:    orc_temple, serial_shops, nicolae_shop_trees
Sewer:    kennysheep_pipe_town
Bailey:   bailey_polearm_flooded_kennysheep, bailey

Skill      XL: |  1  2  3  4  5  6  7  8  9 10 11 12 13 14 |
---------------+-------------------------------------------+-----
Dodging        | 3 4 5 |  5.4
Unarmed Combat | 3 4 5 7 9 10 12 14 15 17 18 | 18.0
Shields        | 3 4 6 10 12 13 14 15 | 15.0
Fighting       | 3 4 5 6 |  6.2
Polearms       | |  0.1
Evocations     | |  0.7

Action                   |  1- 3 |  4- 6 |  7- 9 | 10-12 | 13-15 || total
-------------------------+-------+-------+-------+-------+-------++-------
Melee: Unarmed           |    93 |   162 |   327 |   701 |   971 ||  2254
       Punch             |       |       |     1 |       |       ||     1
       Trident           |       |       |    32 |    68 |       ||   100
Throw: Javelin           |       |       |     2 |       |       ||     2
       Throwing net      |       |       |       |     2 |       ||     2
Invok: Serpent's Lash    |       |       |       |     2 |     2 ||     4
 Abil: Evoke Berserk Rag |       |       |       |     1 |     2 ||     3
  Use: Scroll            |       |     5 |     8 |    12 |    11 ||    36
       Potion            |       |       |     1 |     4 |     4 ||     9
 Stab: Held in net/web   |       |       |       |     1 |       ||     1
       Sleeping          |       |       |       |       |     2 ||     2
  Eat: Chunk             |    14 |    12 |    31 |    67 |    77 ||   201
Armor: Robe              |    19 |    38 |    83 |    62 |    46 ||   248
Dodge: Dodged            |    22 |    58 |    70 |    73 |    79 ||   302
Block: Shield            |    34 |    73 |    61 |       |       ||   168
       Large shield      |       |       |   194 |   709 |   762 ||  1665
       Reflection        |       |       |       |       |    16 ||    16

Table legend:
 A = Spawn XP
 B = Non-spawn XP
 C = Spawn XP percentage of total XP
 D = Spawn monster count
 E = Non-spawn monster count
 F = Spawn count percentage of total count
 G = Total turns spent on level
                    A         B        C        D         E        F      G
               +---------+---------+-------+---------+---------+-------+---------
         Total |       0 |   88836 |   0.0 |       0 |     628 |   0.0 | 19741
               +---------+---------+-------+---------+---------+-------+---------
           D:1 |       0 |      33 |   0.0 |       0 |      17 |   0.0 |   627
           D:2 |       0 |     261 |   0.0 |       0 |      32 |   0.0 |  1094
           D:3 |       0 |      79 |   0.0 |       0 |      21 |   0.0 |   749
           D:4 |       0 |     214 |   0.0 |       0 |      11 |   0.0 |   735
           D:5 |       0 |     705 |   0.0 |       0 |      21 |   0.0 |   687
           D:6 |       0 |     727 |   0.0 |       0 |      22 |   0.0 |   562
           D:7 |       0 |     624 |   0.0 |       0 |      19 |   0.0 |   763
           D:8 |       0 |    1398 |   0.0 |       0 |      23 |   0.0 |   734
           D:9 |       0 |    1460 |   0.0 |       0 |      25 |   0.0 |   760
          D:10 |       0 |    2468 |   0.0 |       0 |      23 |   0.0 |   660
          D:11 |       0 |    5206 |   0.0 |       0 |      31 |   0.0 |  1066
          D:12 |       0 |   10974 |   0.0 |       0 |      79 |   0.0 |  1442
        Lair:1 |       0 |    3963 |   0.0 |       0 |      17 |   0.0 |   734
        Lair:2 |       0 |    3849 |   0.0 |       0 |      18 |   0.0 |   739
        Lair:3 |       0 |    4455 |   0.0 |       0 |      16 |   0.0 |   982
        Lair:4 |       0 |   15371 |   0.0 |       0 |      56 |   0.0 |  1360
        Lair:5 |       0 |   12052 |   0.0 |       0 |      55 |   0.0 |  2239
        Lair:6 |       0 |   17558 |   0.0 |       0 |      53 |   0.0 |  1574
         Orc:1 |       0 |    3507 |   0.0 |       0 |      25 |   0.0 |   537
         Sewer |       0 |     440 |   0.0 |       0 |      24 |   0.0 |   365
        Bailey |       0 |    3492 |   0.0 |       0 |      40 |   0.0 |  1332
               +---------+---------+-------+---------+---------+-------+---------
